 Dungeon Sprint DCSS version 0.30-a0-956-gcec3b41aec (webtiles) character file.

Game seed: 5590490014669852744

1310 Darkkill the Covert (level 8, -1/59 HPs)
             Began as a Gargoyle Monk on Mar 29, 2023.
             Was a Priest of Nemelex Xobeh.
             Slain by an orange demon (11 damage)
             ... in the Dungeon (Sprint VII: "The Pits").
             The game lasted 00:03:05 (569 turns).

Darkkill the Covert (Gargoyle Monk)                  Turns: 569, Time: 00:03:06

Health: -1/59      AC:  7    Str: 17    XL:     8   Next: 58%
Magic:  8/8        EV: 15    Int: 11    God:    Nemelex Xobeh [***...]
Gold:   0          SH:  0    Dex: 12    Spells: 7/7 levels left

rFire   . . .      SeeInvis .    n - +0 quarterstaff (protect)
rCold   . . .      Faith    .    (shield currently unavailable)
rNeg    + . .      Spirit   .    b - +0 robe
rPois   ∞          Reflect  .    (no helmet)
rElec   +          Rampage  .    (no cloak)
rCorr   .          NoTele   +    (no gloves)
Will    .....                    (no boots)
Stlth   +++++                    (no amulet)
HPRegen 0.29/turn                (no ring)
MPRegen 0.11/turn                (no ring)

@: no status effects
A: sickness immunity, AC +5, negative energy resistance 1, electricity
resistance, torment resistance 1, petrification resistance
a: Renounce Religion, Draw Escape, Draw Destruction, Draw Summoning, Triple Draw


You were in the Dungeon.
You worshipped Nemelex Xobeh.
Nemelex Xobeh was most pleased with you.
You visited 1 branch

Inventory:

Hand Weapons
 n - a +0 quarterstaff of protection (weapon)
Missiles
 j - 5 poisoned darts
 k - 10 stones (quivered)
Armour
 b - a +0 robe (worn)
Scrolls
 l - 5 scrolls of amnesia
Potions
 a - 2 potions of invisibility
 c - a potion of ambrosia
 f - a potion of haste
 g - 4 potions of magic
 h - a potion of berserk rage


   Skills:
 + Level 10.7 Fighting
 + Level 9.9 Maces & Flails
 + Level 8.2 Dodging
 + Level 11.3 Stealth


You had 7 spell levels left.
You didn't know any spells.
Your spell library was empty.

Dungeon Overview and Level Annotations

Branches:
Dungeon (1/1)

Altars:
Ashenzari
Cheibriados
Dithmenos
Elyvilon
Fedhas
Gozag
Hepliaklqana
Kikubaaqudgha
Makhleb
Nemelex Xobeh
Okawaru
Qazlal
Ru
Sif Muna
Trog
Uskayaw
Vehumet
Wu Jian
Xom
Yredelemnul
Zin
The Shining One
Jiyva
Lugonu


Innate Abilities, Weirdness & Mutations

You are immune to sickness and miasma.
Your stone body is resilient. (AC +5)
You are immune to poison.
You resist negative energy. (rN+)
You are resistant to electric shocks. (rElec)
You are resistant to unholy torment.
You are immune to petrification.


Message History

The wolf is lightly wounded.
The wolf barely misses you.
The orange demon stings you but does no damage.
The wolf bites you but does no damage.
You hit the wolf.
The wolf is moderately wounded.
The orange demon stings you but does no damage.
The wolf closely misses you. The orange demon closely misses you.
You hit the wolf but do no damage.
The wolf is moderately wounded.
The wolf misses you. The orange demon stings you from afar.
The wolf barely misses you.
You barely miss the wolf.
The wolf is moderately wounded.
The orange demon barely misses you. The wolf barely misses you.
The orange demon closely misses you.
You hit the wolf but do no damage.
The wolf is moderately wounded.
The wolf barely misses you. The orange demon barely misses you.
The wolf barely misses you.
You closely miss the wolf.
The wolf is moderately wounded.
The wolf is no longer moving slowly.
The orange demon stings you from afar. The wolf bites you but does no damage.
The orange demon closely misses you. The wolf barely misses you.
You hit the wolf.
The wolf is moderately wounded.
The wolf bites you! The orange demon stings you from afar.
* * * LOW HITPOINT WARNING * * *
The wolf completely misses you.
You hit the wolf.
The wolf is heavily wounded.
The wolf bites you but does no damage. The orange demon stings you from afar.
* * * LOW HITPOINT WARNING * * *
The wolf barely misses you. The orange demon stings you from afar.
* * * LOW HITPOINT WARNING * * *
The wolf barely misses you.
You feel better. The wolf bites you.
* * * LOW HITPOINT WARNING * * *
The orange demon misses you. The wolf bites you but does no damage.
You feel better.
You feel yourself speed up. The wolf barely misses you.
The orange demon closely misses you. The wolf misses you.
The orange demon stings you but does no damage.
The wolf bites you.
* * * LOW HITPOINT WARNING * * *
You feel better. The wolf barely misses you.
The orange demon stings you but does no damage.
The wolf bites you but does no damage.
You barely miss the wolf.
The wolf is heavily wounded.
The wolf bites you. The orange demon barely misses you.
You hit the wolf but do no damage.
Your weapon exudes an aura of protection.
The wolf is heavily wounded.
The wolf bites you. The wolf closely misses you.
The orange demon barely misses you.
You closely miss the wolf.
The wolf is heavily wounded.
The wolf barely misses you. The orange demon misses you.
The wolf closely misses you.
You hit the wolf but do no damage.
The wolf is heavily wounded.
The wolf bites you!
* * * LOW HITPOINT WARNING * * *
The orange demon barely misses you.
You closely miss the wolf.
The wolf is heavily wounded.
The wolf bites you but does no damage. The wolf closely misses you.
The orange demon stings you from afar.
* * * LOW HITPOINT WARNING * * *
You hit the wolf.
The wolf is severely wounded.
The wolf bites you but does no damage. The orange demon closely misses you.
The wolf bites you but does no damage.
You hit the wolf but do no damage.
The wolf is severely wounded.
The wolf barely misses you. The orange demon stings you from afar.
* * * LOW HITPOINT WARNING * * *
You miss the wolf.
The wolf is severely wounded.
The wolf closely misses you. The wolf barely misses you.
The orange demon closely misses you.
You miss the wolf.
The wolf is severely wounded.
The wolf closely misses you.
The orange demon stings you but does no damage.
The wolf bites you but does no damage.
You miss the wolf.
The wolf is severely wounded.
The wolf completely misses you. The orange demon closely misses you.
The wolf misses you.
You sock the wolf!
You kill the wolf!
You recover from your berserk rage.
The orange demon barely misses you. The orange demon stings you from afar!
You die...
Your body glows slightly and disappears.

#)#).......##.....
#.#.....†..##.....
#'###########.....
#.......#..#######
#...#...#)######
#...#...#.#....#
#.##.##.#'#....#
#...#...#†'....+
#@..#...#)#4...#
#..4....')# ...#
########### ###


You could see an orange demon.

Vanquished Creatures
  Grinder (D)
  A flying skull (D)
  A floating eye (D)
  A sky beast (D)
  3 wolves (D)
  A phantom (D)
  2 kobold brigands (D)
  A bullfrog (D)
  A jelly (D)
  An orc priest (D)
  An orc wizard (D)
  A gnoll (D)
  A white imp (D)
  2 adder zombies (D)
  4 orcs (D)
  An endoplasm (D)
  A goblin (D)
  2 hobgoblins (D)
  2 quokkas (D)
  A kobold (D)
29 creatures vanquished.

Notes
Turn   | Place    | Note
-------+----------+-------------------------------------------
     0 | D        | Darkkill the Gargoyle Monk began the quest for the Orb.
     0 | D        | Reached XP level 1. HP: 14/14 MP: 1/1
    11 | D        | Noticed a floating eye
    15 | D        | Paralysed by a floating eye for 2 turns
    19 | D        | Paralysed by a floating eye for 3 turns
    22 | D        | Killed a floating eye
    23 | D        | Reached skill level 5 in Fighting
    23 | D        | Reached skill level 5 in Maces & Flails
    23 | D        | Reached skill level 5 in Stealth
    23 | D        | Reached XP level 2. HP: 22/22 MP: 2/2
    23 | D        | Reached XP level 3. HP: 27/27 MP: 3/3
    23 | D        | Reached XP level 4. HP: 32/32 MP: 4/4
    52 | D        | Found a bloodstained altar of Trog.
    52 | D        | Found a shimmering blue altar of Sif Muna.
    52 | D        | Found a viscous altar of Jiyva.
    52 | D        | Found a hazy altar of Hepliaklqana.
    52 | D        | Found an opulent altar of Gozag.
    53 | D        | Found a glowing golden altar of the Shining One.
    53 | D        | Found a glowing silver altar of Zin.
    53 | D        | Found a basalt altar of Yredelemnul.
    53 | D        | Found a shimmering altar of Xom.
    53 | D        | Found an ornate altar of the Wu Jian Council.
    53 | D        | Found a sacrificial altar of Ru.
    53 | D        | Found a stormy altar of Qazlal.
    53 | D        | Found an iron altar of Okawaru.
    53 | D        | Found a sparkling altar of Nemelex Xobeh.
    53 | D        | Found a burning altar of Makhleb.
    53 | D        | Found a blossoming altar of Fedhas.
    53 | D        | Found a white marble altar of Elyvilon.
    53 | D        | Found a shadowy altar of Dithmenos.
    53 | D        | Found a snail-covered altar of Cheibriados.
    55 | D        | Found a radiant altar of Vehumet.
    55 | D        | Found a corrupted altar of Lugonu.
    57 | D        | Found an ancient bone altar of Kikubaaqudgha.
    57 | D        | Found a hide-covered altar of Uskayaw.
    57 | D        | Found a broken altar of Ashenzari.
    64 | D        | Became a worshipper of Nemelex Xobeh the Trickster
    64 | D        | Reached * piety under Nemelex Xobeh
    64 | D        | Received a gift from Nemelex Xobeh
    64 | D        | Reached ** piety under Nemelex Xobeh
   112 | D        | Reached XP level 5. HP: 28/36 MP: 5/5
   113 | D        | Reached skill level 6 in Stealth
   144 | D        | Noticed a wolf
   147 | D        | a wolf changed into a jelly
   212 | D        | Noticed a sky beast
   238 | D        | Reached skill level 5 in Dodging
   251 | D        | Reached skill level 7 in Stealth
   262 | D        | Reached XP level 6. HP: 22/44 MP: 6/6
   268 | D        | Noticed a flying skull
   270 | D        | Killed a sky beast
   271 | D        | Reached skill level 8 in Stealth
   295 | D        | Killed a flying skull
   296 | D        | Reached skill level 9 in Stealth
   296 | D        | Reached XP level 7. HP: 44/50 MP: 7/7
   373 | D        | Reached *** piety under Nemelex Xobeh
   397 | D        | Noticed Grinder
   420 | D        | Killed Grinder
   421 | D        | Reached skill level 10 in Stealth
   428 | D        | Reached skill level 10 in Fighting
   428 | D        | Reached XP level 8. HP: 40/57 MP: 8/8
   487 | D        | Noticed an orange demon
   487 | D        | Noticed Grum
   530 | D        | HP: 9/58 [orange demon (3)]
   533 | D        | Banished Grum
   534 | D        | Reached skill level 11 in Stealth
   548 | D        | HP: 9/59 [orange demon (5)]
   556 | D        | HP: 10/59 [orange demon (4)]
   569 | D        | Slain by an orange demon

Illustrated notes

Levels and vault maps discovered:
D:        pitsprint [storerooms_1, entrance_room_1, metal_vault_7, armoury_2,
          mini_pit_1, grid_room_1, main_hall_1, silver_pit, the_coven_1,
          the_vestibule_1, steel_vault_4, golden_pit, hallway_of_sentries,
          crystal_vault_1, iron_vault_4, final_vault]

Skill      XL: |  1  2  3  4  5  6  7  8 |
---------------+-------------------------+-----
Fighting       | 5 6 7 8 10 | 10.7
Maces & Flails | 5 6 8 9 |  9.9
Dodging        | 4 5 6 7 8 |  8.2
Stealth        | 5 7 9 10 11 | 11.3

Action                     |  1- 3 |  4- 6 |  7- 9 || total
---------------------------+-------+-------+-------++-------
  Melee: Mace              |     6 |       |       ||     6
         Quarterstaff      |       |    89 |    89 ||   178
 Invoke: Draw Destruction  |       |     2 |       ||     2
         Draw Escape       |       |       |     2 ||     2
    Use: Potion            |       |     4 |    10 ||    14
         Scroll            |       |       |     2 ||     2
   Stab: Sleeping          |       |     2 |     3 ||     5
 Armour: Robe              |       |    26 |    43 ||    69
  Dodge: Dodged            |       |    50 |   104 ||   154

Table legend: (Time is in decaauts)
 A = Elapsed time spent in this place.
 B = Non-inter-level travel time spent in this place.
 C = Inter-level travel time spent in this place.
 D = Time resting spent in this place.
 E = Time spent auto-exploring this place.
 F = Levels seen in this place.
 G = Mean time per level.
                   A        B        C        D        E       F      G
               +--------+--------+--------+--------+--------+-----+--------+
         Total |    597 |    580 |     17 |    151 |      0 |   1 |  597.0 |
       Dungeon |    597 |    580 |     17 |    151 |      0 |   1 |  597.0 |
               +--------+--------+--------+--------+--------+-----+--------+

Top non-repeatable levels by time:
       D: 597 daAuts

Table legend:
 A = Kills in this place as a percentage of kills in the entire game.
 B = Kills by you in this place as a percentage of kills by you in the entire game.
 C = Kills by friends in this place as a percentage of kills by friends in the entire game.
 D = Other kills in this place as a percentage of other kills in the entire game.
 E = Experience gained in this place as a percentage of experience gained in the entire game.
 F = Experience gained in this place divided by the number of levels of this place that you have seen.
                   A       B       C       D       E      F
               +-------+-------+-------+-------+-------+----------------------
         Total | 100.0 | 100.0 |   N/A | 100.0 | 100.0 | 1872.0
       Dungeon | 100.0 | 100.0 |   N/A | 100.0 | 100.0 | 1872.0
               +-------+-------+-------+-------+-------+----------------------
